 Dungeon Crawl Stone Soup version 0.29-a0-418-gc0181ea (webtiles) character file.

Game seed: 1568796691429883451

121 Illumine the Slasher (level 4, 0/41 HPs)
             Began as a Minotaur Monk on May 17, 2022.
             Slain by a river rat (5 damage)
             ... in a sewer.
             The game lasted 00:02:15 (2278 turns).

Illumine the Slasher (Minotaur Monk)                Turns: 2278, Time: 00:02:16

Health: 0/41       AC:  4    Str: 16    XL:     4   Next: 76%
Magic:  3/3        EV: 13    Int:  7    God:
Gold:   78         SH:  0    Dex: 14    Spells: 3/3 levels left

rFire   . . .      SeeInvis .   a - +0 falchion
rCold   . . .      Faith    .   (no shield)
rNeg    . . .      Spirit   .   b - +0 robe
rPois   .          Reflect  .   (helmet restricted)
rElec   .          Harm     .   (no cloak)
rCorr   .          Rampage  .   m - +0 pair of gloves
Will    .....                   e - +0 pair of boots
Stlth   ++........              (no amulet)
HPRegen 0.13/turn               (no ring)
MPRegen 0.08/turn               (no ring)

@: flying
A: horns 2, retaliatory headbutt
a: no special abilities


You were in a sewer.
You visited 1 branch of the dungeon, and saw 3 of its levels.
You also visited: Sewer.

You collected 78 gold pieces.

Inventory:

Hand Weapons
 a - a +0 falchion (weapon)
Armour
 b - a +0 robe (worn)
 e - a +0 pair of boots (worn)
 m - a +0 pair of gloves (worn)
Scrolls
 d - 2 scrolls of blinking {unknown}
 f - a scroll of teleportation {unknown}
 g - 4 scrolls of identify {unknown}
 i - a scroll of enchant armour {unknown}
 l - a scroll of poison {unknown}
Potions
 h - a potion of flight
 k - a potion of haste {unknown}


   Skills:
 + Level 4.5 Fighting
 * Level 5.6 Long Blades
 + Level 3.8 Dodging
 - Level 1.5 Stealth


You had 3 spell levels left.
You didn't know any spells.
Your spell library was empty.

Dungeon Overview and Level Annotations

Branches:
Dungeon (3/15)              Sewer (1/1)

Altars:


Innate Abilities, Weirdness & Mutations

You have a pair of horns on your head.
You reflexively headbutt those who attack you in melee.


Message History

The river rat barely misses you. The adder closely misses you.
You feel sick. The adder bites you.
* * * LOW HITPOINT WARNING * * *
You are more poisoned.
The adder poisons you! The river rat bites you!
* * * LOW HITPOINT WARNING * * *
* * * LOW HITPOINT WARNING * * *
You feel sick. The adder bites you but does no damage.
Unknown command.
You completely miss the adder.
* * * LOW HITPOINT WARNING * * *
You feel sick. The adder barely misses you. The river rat barely misses you.
Unknown command.
It was a potion of flight.
You feel very buoyant.
You fly up into the air.
You feel sick. The adder barely misses you. The river rat barely misses you.
The adder barely misses you.
It was a potion of curing.
You feel better.
You feel less invigorated. The adder bites you. The river rat misses you.
You closely miss the adder. The adder bites you but does no damage.
The river rat bites you!
* * * LOW HITPOINT WARNING * * *
You hit the adder.
The adder is heavily wounded.
The adder bites you but does no damage. The river rat bites you!
* * * LOW HITPOINT WARNING * * *
The adder barely misses you. You furiously retaliate!
You headbutt the adder.
Save game and exit?
Okay, then.
You closely miss the adder. You headbutt the adder.
You kill the adder!
The river rat closely misses you.
You closely miss the river rat.
The river rat is moderately wounded.
The river rat closely misses you. You furiously retaliate!
You headbutt the river rat, but do no damage.
You hit the river rat. Your headbutt misses the river rat.
The river rat is severely wounded.
The river rat bites you.
You die...

÷.###### #≈.≈≈.≈# ## ≈#
#)÷≈...# #.#≈# ≈≈≈≈
#.÷..P####P #.#≈# ≈≈≈≈
##÷...≈≈≈≈≈ ≈.#≈# ≈≈≈≈≈
###.≈.#########≈#≈# ≈≈≈≈≈
≈≈≈.≈≈≈≈≈.≈...≈.#≈#≈≈≈≈≈≈
###.≈...≈..≈..≈≈#≈#≈≈≈≈≈≈
##..≈≈...≈≈≈.≈≈@†≈≈≈≈≈≈≈
##≈.≈.≈≈≈≈≈.≈....rP≈≈≈≈≈≈
#..≈.≈≈.....P≈..≈≈≈≈≈≈≈≈≈
#.≈≈≈....P.....≈≈.≈≈≈≈≈≈≈
.≈.≈.≈≈.P≈.#≈#.≈.≈≈≈≈≈≈≈≈
..≈...P.≈.≈#≈#...≈≈≈≈≈≈≈≈
≈..P...≈≈≈≈#≈#≈≈≈≈≈≈≈≈≈≈≈
≈≈.#.#≈≈≈≈≈#≈#≈≈≈≈≈≈≈≈≈≈≈
≈≈≈#≈#≈≈≈≈≈ #≈≈≈≈≈≈≈≈≈≈≈


You could see a river rat.

Vanquished Creatures
  5 adders
  A river rat (Sewer)
  A dart slug (D:1)
  An orc (D:2)
  2 bats
  4 endoplasms
  6 giant cockroaches
  2 goblins
  3 hobgoblins (D:1)
  6 jackals
  2 quokkas
  3 ball pythons (Sewer)
  8 frilled lizards
  11 kobolds
  9 rats
64 creatures vanquished.

Vanquished Creatures (others)
  16 plants
16 creatures vanquished.

Grand Total: 80 creatures vanquished

Notes
Turn   | Place    | Note
-------+----------+-------------------------------------------
     0 | D:1      | Illumine the Minotaur Monk began the quest for the Orb.
     0 | D:1      | Reached XP level 1. HP: 19/19 MP: 0/0
   197 | D:1      | Reached skill level 4 in Long Blades
   275 | D:1      | Reached XP level 2. HP: 22/27 MP: 1/1
   955 | D:2      | Reached XP level 3. HP: 33/33 MP: 2/2
  1452 | D:2      | Reached skill level 5 in Long Blades
  1893 | D:3      | Found a glowing drain.
  1924 | Sewer    | Entered a sewer
  1933 | Sewer    | Reached XP level 4. HP: 38/41 MP: 3/3
  2269 | Sewer    | HP: 2/41 [river rat (7)]
  2278 | Sewer    | Slain by a river rat

Illustrated notes

Levels and vault maps discovered:
D:1:      lemuel_arrival_muddy, layout_basic, hangedman_decor_growths
D:2:      layout_loops_ring, lexackson_kobold_supper
D:3:      cheibrodos_thug_alley, layout_rooms, cheibrodos_sewer_entry_drain,
          basic_ecumenical_altar, ebering_ghost_gozag
Sewer:    sewer_co_scattered_pipes

Skill      XL: |  1  2  3 |
---------------+----------+-----
Long Blades    | 4 5 |  5.6
Fighting       | 4 |  4.5
Dodging        | |  3.8
Stealth        | |  1.5

Action                   |  1- 3 |  4- 6 || total
-------------------------+-------+-------++-------
Melee: Falchion          |    90 |    45 ||   135
       Headbutt          |    12 |     3 ||    15
  Use: Potion            |       |     3 ||     3
 Stab: Sleeping          |     4 |       ||     4
       Distracted        |     1 |       ||     1
Armor: Robe              |    22 |    16 ||    38
Dodge: Dodged            |    64 |    47 ||   111

Table legend: (Time is in decaauts)
 A = Elapsed time spent in this place.
 B = Non-inter-level travel time spent in this place.
 C = Inter-level travel time spent in this place.
 D = Time resting spent in this place.
 E = Time spent auto-exploring this place.
 F = Levels seen in this place.
 G = Mean time per level.
                   A        B        C        D        E       F      G
               +--------+--------+--------+--------+--------+-----+--------+
         Total |   2299 |   2219 |     80 |    328 |   1483 |   4 |  574.8 |
       Dungeon |   1936 |   1856 |     80 |    179 |   1379 |   3 |  645.3 |
         Sewer |    363 |    363 |      0 |    149 |    104 |   1 |  363.0 |
               +--------+--------+--------+--------+--------+-----+--------+

Top non-repeatable levels by time:
     D:2: 986 daAuts
     D:1: 908 daAuts
   Sewer: 363 daAuts
     D:3: 41 daAuts
